 Dungeon Crawl Stone Soup version 0.23.2-40-g277498a001 (webtiles) character file.

Game seed: 10564003755383856812

611 Exodus22XD the Conjurer (level 7, -2/54 HPs)
             Began as a Deep Elf Wizard on Aug 30, 2019.
             Slain by a worker ant (4 damage)
             ... on level 4 of the Dungeon.
             The game lasted 00:15:35 (4100 turns).

Exodus22XD the Conjurer (Deep Elf Wizard)           Turns: 4100, Time: 00:15:35

Health: -2/54      AC: 23    Str:  4    XL:     7   Next: 20%
Magic:  2/15       EV:  2    Int: 25    God:
Gold:   159        SH:  0    Dex: 13    Spells: 3/14 levels left

rFire    + . .     SeeInvis .   f - +0 dagger
rCold    . . .     Gourm    .   (no shield)
rNeg     + + +     Faith    .   (armour currently unavailable)
rPois    +         Spirit   .   (helmet currently unavailable)
rElec    .         Reflect  .   (cloak currently unavailable)
rCorr    .         Harm     .   (gloves currently unavailable)
MR       .....     NoTele   +   (boots currently unavailable)
Stlth    ++........             (no amulet)
HPRegen  0.18/turn              e - ring of protection from cold
MPRegen  0.14/turn              k - ring of fire

@: lethally poisoned (-2 -> -3), tree-form
A: no striking features
a: no special abilities


You were on level 4 of the Dungeon.
You were not hungry.
You were a tree.
You visited 1 branch of the dungeon, and saw 4 of its levels.

You collected 159 gold pieces.

Inventory:

Hand Weapons
 f - a +0 dagger (weapon)
Armour
 b - a +0 hat (melded)
 h - a cursed +0 robe (melded)
 o - a +0 pair of gloves (melded)
Jewellery
 e - a ring of protection from cold (left branch)
 k - a ring of fire (right branch)
Wands
 n - a wand of flame (36)
Scrolls
 c - 4 scrolls of identify
 j - a scroll of noise
 l - a scroll of amnesia
 p - a scroll of fog
 q - a scroll of blinking
Potions
 a - 2 potions of curing
 i - a potion of brilliance {unknown}
 m - a potion of flight {unknown}
 r - a potion of agility {unknown}
Comestibles
 d - 8 rations


   Skills:
 - Level 2.4 Dodging
 - Level 2.4 Stealth
 - Level 4.4 Spellcasting
 * Level 6.6 Conjurations
 - Level 3.1 Summonings
 - Level 1.1 Translocations
 - Level 3.0 Fire Magic
 - Level 2.4 Poison Magic


You had 3 spell levels left.
You knew the following spells:

 Your Spells              Type           Power        Failure   Level  Hunger
a - Magic Dart            Conj           ####         1%          1    None
b - Call Imp              Summ           ###.....     3%          2    None
c - Blink                 Tloc           N/A          9%          2    None
d - Conjure Flame         Conj/Fire      #####...     3%          3    ##.....
e - Mephitic Cloud        Conj/Pois/Air  ###.....     8%          3    ##.....

Your spell library contained the following spells:

 Spells                   Type           Power        Failure   Level  Hunger
 Slow                     Hex            #.......     13%         2    None


Dungeon Overview and Level Annotations

Branches:
Dungeon (4/15)
 Temple: D:4-7

Altars:
Elyvilon
Okawaru
Qazlal
Yredelemnul
The Shining One

Annotations:
D:4 Dowan, Duvessa


Message History

You closely miss Dowan.
Dowan is heavily wounded.
The worker ant bites you but does no damage.
Dowan hits you but does no damage.
You hit Dowan.
Dowan is heavily wounded.
You feel sick.
The worker ant bites you but does no damage.
Dowan hits you but does no damage.
You barely miss Dowan.
Dowan is heavily wounded.
The worker ant bites you but does no damage.
Dowan points at you and mumbles some strange words.
The puff of frost hits you.
* * * LOW HITPOINT WARNING * * *
You hit Dowan.
Dowan is heavily wounded.
The worker ant bites you but does no damage.
Dowan hits you but does no damage. The worker ant bites you.
You die...

####..
.... #..#
#..###.###
#.).......
#.####.###
#.# #a#
#♣# #e#
#......#
######e..
## #. . #.
#o.. .##.
#... ....
#..e ##.


You could see Dowan and a worker ant.

Vanquished Creatures
  An ice beast (D:3)
  A centaur (D:3)
  2 scorpions (D:4)
  2 bullfrog skeletons (D:4)
  An orc priest (D:3)
  3 orc wizards
  Jessica (D:3)
  2 worker ants
  A gnoll (D:1)
  3 adders
  An adder skeleton (D:3)
  A dart slug (D:1)
  5 leopard geckos
  3 orcs
  3 giant cockroaches
  7 goblins
  8 hobgoblins
  12 kobolds
  A quokka (D:3)
  11 bats
  3 frilled lizards
  A jackal skeleton (D:4)
  7 rats
80 creatures vanquished.

Notes
Turn   | Place    | Note
-------+----------+-------------------------------------------
     0 | D:1      | Exodus22XD the Deep Elf Wizard began the quest for the Orb.
     0 | D:1      | Reached XP level 1. HP: 10/10 MP: 7/7
   144 | D:1      | Reached skill level 2 in Conjurations
   161 | D:1      | Reached XP level 2. HP: 15/15 MP: 0/9
   241 | D:1      | Learned a level 2 spell: Call Imp
   244 | D:1      | Learned a level 2 spell: Blink
   368 | D:1      | Reached skill level 3 in Conjurations
   789 | D:1      | Reached XP level 3. HP: 19/19 MP: 2/10
  1363 | D:2      | Found a glowing golden altar of the Shining One.
  1500 | D:2      | Reached skill level 4 in Conjurations
  1562 | D:2      | Found a white marble altar of Elyvilon.
  1786 | D:2      | Found a basalt altar of Yredelemnul.
  2205 | D:3      | Noticed an ice beast
  2211 | D:3      | Learned a level 3 spell: Conjure Flame
  2371 | D:3      | Reached XP level 4. HP: 24/24 MP: 7/12
  2384 | D:3      | Reached skill level 1 in Fire Magic
  2403 | D:3      | Noticed Jessica
  2405 | D:3      | Killed Jessica
  2645 | D:3      | Reached XP level 5. HP: 28/28 MP: 4/13
  2779 | D:3      | Found a stormy altar of Qazlal.
  2898 | D:3      | Found an iron altar of Okawaru.
  3139 | D:3      | Learned a level 3 spell: Mephitic Cloud
  3297 | D:3      | Noticed a centaur
  3304 | D:3      | Killed a centaur
  3304 | D:3      | Reached XP level 6. HP: 32/32 MP: 0/14
  3541 | D:3      | Killed an ice beast
  3541 | D:3      | Reached skill level 5 in Conjurations
  3822 | D:4      | Reached skill level 6 in Conjurations
  3827 | D:4      | Noticed Duvessa
  3936 | D:4      | Noticed Dowan
  4052 | D:4      | Reached XP level 7. HP: 21/36 MP: 5/15
  4099 | D:4      | HP: 2/54 [Dowan/puff of frost (5)]
  4100 | D:4      | Slain by a worker ant

Skill      XL: |  1  2  3  4  5  6 |
---------------+-------------------+-----
Conjurations   | 2 3 4 6 |  6.6
Fire Magic     | 2 3 |  3.0
Summonings     | 3 |  3.1
Poison Magic   | 2 |  2.4
Dodging        | |  2.4
Stealth        | |  2.4
Spellcasting   | |  4.4
Translocations | |  1.1

Action                   |  1- 3 |  4- 6 |  7- 9 || total
-------------------------+-------+-------+-------++-------
Melee: Dagger            |       |    10 |    28 ||    38
 Cast: Magic Dart        |   101 |   102 |     2 ||   205
       Conjure Flame     |     1 |     8 |       ||     9
       Mephitic Cloud    |       |     6 |     2 ||     8
       Blink             |       |     1 |       ||     1
  Use: Scroll            |       |       |     4 ||     4
       Potion            |       |       |     2 ||     2
  Eat: Chunk             |     4 |     3 |       ||     7
       Ration            |       |     1 |       ||     1
Armor: Robe              |     1 |    12 |     1 ||    14
       Skin              |       |       |    49 ||    49
Dodge: Dodged            |    20 |    20 |     4 ||    44
